 Dungeon Crawl Stone Soup version 0.22-a0-410-g97be04f (webtiles) character file.

48 w00t the Sneak (level 3, 0/16 HPs)
             Began as a Spriggan Enchanter on May 11, 2018.
             Slain by Grinder (6 damage)
             ... while paralysed by Grinder
             ... on level 3 of the Dungeon.
             The game lasted 00:04:14 (2148 turns).

w00t the Sneak (Spriggan Enchanter)                 Turns: 2148, Time: 00:04:14

Health: 0/16       AC:  2    Str:  5    XL:     3   Next: 50%
Magic:  7/8        EV:  4    Int: 16    God:
Gold:   68         SH:  0    Dex: 16    Spells: 2/8 levels left

rFire    . . .     SeeInvis +   a - +1 dagger
rCold    . . .     Gourm    .   (shield restricted)
rNeg     . . .     Faith    +   b - +0 robe
rPois    .         Spirit   .   (helmet restricted)
rElec    .         Reflect  .   (no cloak)
rCorr    .         Harm     .   (gloves unavailable)
MR       .....                  (boots unavailable)
Stlth    +++.......             e - amulet of faith {Faith, !P}
HPRegen  0.05/turn              (no ring)
MPRegen  0.11/turn              (no ring)

@: paralysed, very quick
A: very small, unfitting armour, see invisible, herbivore, speed 3, slow
metabolism 2
a: no special abilities


You were on level 3 of the Dungeon.
You were not hungry.

You visited 1 branch of the dungeon, and saw 3 of its levels.

You collected 68 gold pieces.

Inventory:

Hand Weapons
 a - a +1 dagger (weapon)
Missiles
 g - 79 stones (quivered)
 i - 22 sling bullets
Armour
 b - a +0 robe (worn)
Jewellery
 e - an amulet of faith (around neck) {Faith, !P}
Scrolls
 f - 3 scrolls of identify {unknown}
Potions
 c - a potion of curing {unknown}
 h - 2 potions of might {unknown}
 j - a potion of berserk rage {unknown}
 k - a potion of flight {unknown}
Comestibles
 d - 2 rations


   Skills:
 + Level 1.9 Short Blades
 + Level 3.7 Dodging
 + Level 5.0 Stealth
 + Level 3.2 Spellcasting
 + Level 4.1 Hexes


You had 2 spell levels left.
You knew the following spells:

 Your Spells              Type           Power        Failure   Level  Hunger
a - Corona                Hex            ###....      3%          1    None
b - Ensorcelled Hibernat  Hex/Ice        #.....       12%         2    ##.....
c - Confuse               Hex            ###.....     10%         3    ###....


Dungeon Overview and Level Annotations

Branches:
Dungeon (3/15)

Altars:
Ashenzari
Kikubaaqudgha

Annotations:
D:3 Grinder


Innate Abilities, Weirdness & Mutations

You are very small and have problems with some larger weapons.
You are too small for most types of armour.
You have supernaturally acute eyesight. (SInv)
You are a herbivore.
You cover ground extremely quickly.
You need to consume almost no food.


Message History

Grinder comes into view.
The helpless Grinder fails to defend herself.
You impale Grinder!!
Grinder is heavily wounded.
Grinder closely misses you.
Casting: Corona (safe; 3% risk of failure)
Confirm with . or Enter, or press ? or * to list all spells.
Aiming: Corona (safe; 3% risk of failure)
Press: ? - help, Shift-Dir - straight line, f - Grinder
Aim: Grinder (heavily wounded, chance to defeat MR: 51%) Grinder is outlined in light.
Grinder gestures at you.
You suddenly lose the ability to move!
Grinder hits you.
* * * LOW HITPOINT WARNING * * *
You writhe in agony.
* * * LOW HITPOINT WARNING * * *
Grinder hits you but does no damage. x2
Grinder hits you.
You die...

... #.# ##########
#.# #........#####
#.# ####.<...... #.#
#........... #.#
#.##........
##.####.#.##.#######
#..@5...#.##.#
#.####..#.##.# #.#
#.##.# #.# #.##.#
#.#######.##.#
#.........#
###########


You could see Grinder.

Vanquished Creatures
  2 worms (D:2)
  A dart slug (D:1)
  A leopard gecko (D:2)
  5 bats
  2 giant cockroaches
  6 goblins
  3 hobgoblins (D:1)
  2 jackals (D:1)
  10 kobolds (D:1)
  4 frilled lizards
  A rat (D:2)
37 creatures vanquished.

Notes
Turn   | Place    | Note
-------+----------+-------------------------------------------
     0 | D:1      | w00t the Spriggan Enchanter began the quest for the Orb.
     0 | D:1      | Reached XP level 1. HP: 9/9 MP: 5/5
   119 | D:1      | Reached XP level 2. HP: 13/13 MP: 6/6
   364 | D:1      | Learned a level 2 spell: Ensorcelled Hibernation
  1322 | D:1      | Reached XP level 3. HP: 15/16 MP: 8/8
  1667 | D:2      | Found a shattered altar of Ashenzari.
  1920 | D:2      | Reached skill level 5 in Stealth
  1925 | D:2      | Found an ancient bone altar of Kikubaaqudgha.
  2088 | D:2      | Learned a level 3 spell: Confuse
  2140 | D:3      | Noticed Grinder
  2144 | D:3      | Paralysed by Grinder for 6 turns
  2148 | D:3      | Slain by Grinder

Vault maps used:
D:1:      matt_arrival_diagonals, serial_curves, eino_curves_01, eino_curves_03,
          kennysheep_another_room, supply_closet_lemuel, corner_web_ring,
          lexackson_kobold_supper
D:2:      kiku_gazebo_garden_becter, evilmike_ruin_ashenzari
D:3:      first_ration, st_stairs_1, uniq_grinder, uniq_sigmund

Skill      XL: |  1  2  3 |
---------------+----------+-----
Spellcasting   | 3 |  3.2
Hexes          | 4 |  4.1
Stealth        | 5 |  5.0
Short Blades   | |  1.9
Dodging        | |  3.7

Action                   || total
-------------------------++-------
Melee: Dagger            ||   144
Throw: Stone             ||     1
 Cast: Corona            ||     8
       Ensorcelled Hiber ||    11
 Stab: Sleeping          ||    19
Armor: Robe              ||     7
Dodge: Dodged            ||   114

Table legend:
 A = Spawn XP
 B = Non-spawn XP
 C = Spawn XP percentage of total XP
 D = Spawn monster count
 E = Non-spawn monster count
 F = Spawn count percentage of total count
 G = Total turns spent on level
                    A         B        C        D         E        F      G
               +---------+---------+-------+---------+---------+-------+---------
         Total |       0 |      69 |   0.0 |       0 |      37 |   0.0 |  2148
               +---------+---------+-------+---------+---------+-------+---------
           D:1 |       0 |      45 |   0.0 |       0 |      27 |   0.0 |  1540
           D:2 |       0 |      24 |   0.0 |       0 |      10 |   0.0 |   577
               +---------+---------+-------+---------+---------+-------+---------
